 Dungeon Crawl Stone Soup version 0.29-a0-598-gd8304a5bf4 (webtiles) character file.

Game seed: 943884722202415621

216 bande the Covered (level 5, -2/33 HPs)
             Began as a Gargoyle Fighter on June 15, 2022.
             Killed from afar by an orc wizard (9 damage)
             ... with a magic dart
             ... on level 3 of the Dungeon.
             The game lasted 00:04:05 (3068 turns).

bande the Covered (Gargoyle Fighter)                Turns: 3068, Time: 00:04:06

Health: -2/33      AC:  9    Str: 18 (20) XL:     5   Next: 93%
Magic:  5/5        EV:  8    Int:  6 (8)  God:
Gold:   107        SH:  4    Dex:  9 (11) Spells: 4/4 levels left

rFire   . . .      SeeInvis .   a - +0 war axe
rCold   . . .      Faith    .   c - +0 buckler
rNeg    + . .      Spirit   .   n - +0 chain mail
rPois   ∞          Reflect  .   (no helmet)
rElec   +          Harm     .   (no cloak)
rCorr   .          Rampage  .   (no gloves)
Will    .....                   (no boots)
Stlth   ..........              (no amulet)
HPRegen 0.11/turn               (no ring)
MPRegen 0.09/turn               (no ring)

@: no status effects
A: sickness immunity, AC +4, negative energy resistance 1, electricity
resistance, torment resistance 1, petrification resistance, deformed body,
sturdy frame 1
a: no special abilities


You were on level 3 of the Dungeon.
You visited 1 branch of the dungeon, and saw 3 of its levels.

You collected 107 gold pieces.

Inventory:

Hand Weapons
 a - a +0 war axe (weapon)
Missiles
 q - a throwing net (quivered)
Armour
 c - a +0 buckler (worn)
 n - a +0 chain mail (worn)
Wands
 p - a wand of polymorph (20)
Scrolls
 b - a scroll of fear {unknown}
 e - 2 scrolls of blinking {unknown}
 h - 3 scrolls of identify {unknown}
Potions
 d - a potion of might
 f - a potion of cancellation
 g - a potion of curing
 m - a potion of magic {unknown}
 o - a potion of invisibility {unknown}


   Skills:
 + Level 4.1 Fighting
 + Level 3.5 Axes
 + Level 4.6 Armour
 - Level 0.2 Dodging
 + Level 4.0 Shields
 * Level 0.6 Evocations


You had 4 spell levels left.
You didn't know any spells.
Your spell library contained the following spells:

 Spells                   Type           Power      Damage    Failure   Level
 Necrotize                Necr           0%         1d4       99%         1
 Vampiric Draining        Necr           0%         2d6       100%        3
 Agony                    Necr           0%         N/A       100%        5


Dungeon Overview and Level Annotations

Branches:
Dungeon (3/15)

Altars:

Shops:
D:1 (


Innate Abilities, Weirdness & Mutations

You are immune to sickness and miasma.
Your stone body is resilient. (AC +4)
You are immune to poison.
You resist negative energy. (rN+)
You are resistant to electric shocks. (rElec)
You are resistant to unholy torment.
You are immune to petrification.
Armour fits poorly on your strangely shaped body.
Your movements are slightly less encumbered by armour. (ER -2)


Message History

You slash something!
Reactivating autopickup.
You feel a bit more experienced.
You closely miss something. Something hits you.
Deactivating autopickup; reactivate with Ctrl-A.
The orc hits you with a +0 flail. Something hits you.
Your Shields skill increases to level 4!
You closely miss something. You barely miss the orc. The orc barely misses you.
You hear some strange, mumbled words.
Something tries to affect you, but you resist.
You completely miss something. You hit the orc but do no damage.
The orc hits you but does no damage. Something hits you but does no damage.
You barely miss something. You slash the orc!
You kill the orc!
Something hits you but does no damage. x2
You hit something but do no damage.
You hear some strange, mumbled words.
A puff of flame appears from out of thin air!
The puff of flame hits you but does no damage.
You miss something. Something hits you but does no damage. Something hits you.
You closely miss something. Something hits you but does no damage.
You barely miss something. Something hits you but does no damage.
You barely miss something. Something hits you but does no damage.
Something hits you.
You closely miss something. Something hits you but does no damage.
You miss something. Something hits you but does no damage.
You closely miss something.
Something hits you but does no damage. x2
You closely miss something. Something hits you but does no damage.
You barely miss something.
Something hits you but does no damage. x2
You slash something! Something hits you but does no damage.
You barely miss something.
You hear some strange, mumbled words.
A magic dart appears from out of thin air!
The magic dart hits you!
* * * LOW HITPOINT WARNING * * *
You hit something. Something hits you but does no damage.
You hear some strange, mumbled words.
A magic dart appears from out of thin air!
The magic dart hits you!
You die...

..... # #...$ .. ...
. .. ... .. .. #.#
... #.
#.########....
#.#..##.##..........
#....)@...........#
#.##.##{#.$.>†....#
# #.#.........#
#.#........(#
..#<........#
#.##........#
............#
..#.........#
..........#


There were no monsters in sight!

Vanquished Creatures
  A hound (D:2)
  Natasha (thrice) (D:2)
  An orc wizard (D:3)
  2 adders (D:2)
  An adder zombie (D:2)
  An adder skeleton (D:2)
  2 worms (D:2)
  A dart slug (D:2)
  2 orcs (D:3)
  7 ball pythons
  4 bats
  A bat skeleton (D:2)
  3 endoplasms
  3 giant cockroaches
  6 goblins
  2 hobgoblins (D:1)
  3 jackals (D:1)
  2 quokkas
  A ball python simulacrum (D:2)
  A ball python skeleton (D:2)
  A ball python zombie (D:2)
  2 frilled lizards
  A kobold (D:2)
  2 rats
53 creatures vanquished.

Vanquished Creatures (others)
  14 withered plants (D:2)
14 creatures vanquished.

Grand Total: 67 creatures vanquished

Notes
Turn   | Place    | Note
-------+----------+-------------------------------------------
     0 | D:1      | bande the Gargoyle Fighter began the quest for the Orb.
     0 | D:1      | Reached XP level 1. HP: 14/14 MP: 1/1
    75 | D:1      | Found a faded altar of an unknown god.
   548 | D:1      | Reached XP level 2. HP: 19/19 MP: 2/2
   958 | D:1      | Found Xakewnoe's Weapon Boutique.
  1261 | D:2      | Noticed Natasha
  1262 | D:2      | Found the +4 dagger "Morg" {pain, Will+ Int+5}
  1278 | D:2      | Killed Natasha
  1279 | D:2      | Reached XP level 3. HP: 14/24 MP: 3/3
  1452 | D:2      | Reached XP level 4. HP: 29/29 MP: 4/4
  1586 | D:2      | Noticed Natasha
  1593 | D:2      | Killed Natasha
  1744 | D:2      | Reached XP level 5. HP: 21/33 MP: 5/5
  2337 | D:2      | Noticed Natasha
  2397 | D:2      | Gained mutation: Armour fits poorly on your strangely
                  | shaped body. [potion of mutation]
  2397 | D:2      | Gained mutation: Your movements are slightly less
                  | encumbered by armour. (ER -2) [potion of mutation]
  2402 | D:2      | Killed Natasha
  3068 | D:3      | Killed from afar by an orc wizard

Illustrated notes

Levels and vault maps discovered:
D:1:      amcnicky_arrival_blooded_trapdoor, layout_loops_ring, serial_shops,
          shop, hellmonk_ecumenical_altar_inner_sanctum
D:2:      minmay_recursive_quarters, layout_loops_corners,
          dilly_guarded_unrand_morg
D:3:      layout_basic, serial_glass, glass_columns_b, glass_columns_c

Skill      XL: |  1  2  3  4  5 |
---------------+----------------+-----
Axes           | 2 3 |  3.5
Armour         | 4 |  4.6
Fighting       | 4 |  4.1
Shields        | 4 |  4.0
Dodging        | |  0.2
Evocations     | |  0.6

Action                   |  1- 3 |  4- 6 || total
-------------------------+-------+-------++-------
Melee: War axe           |    65 |   102 ||   167
       Unarmed           |       |     3 ||     3
  Use: Potion            |       |     6 ||     6
Armor: Scale mail        |    27 |       ||    27
       Chain mail        |    22 |    66 ||    88
       Skin              |       |    10 ||    10
Dodge: Dodged            |    37 |    40 ||    77
Block: Buckler           |    11 |    26 ||    37

Table legend: (Time is in decaauts)
 A = Elapsed time spent in this place.
 B = Non-inter-level travel time spent in this place.
 C = Inter-level travel time spent in this place.
 D = Time resting spent in this place.
 E = Time spent auto-exploring this place.
 F = Levels seen in this place.
 G = Mean time per level.
                   A        B        C        D        E       F      G
               +--------+--------+--------+--------+--------+-----+--------+
         Total |   3133 |   3062 |     71 |    932 |   1673 |   3 | 1044.3 |
       Dungeon |   3133 |   3062 |     71 |    932 |   1673 |   3 | 1044.3 |
               +--------+--------+--------+--------+--------+-----+--------+

Top non-repeatable levels by time:
     D:2: 1913 daAuts
     D:1: 1166 daAuts
     D:3: 53 daAuts
